Map: Proxima Station LE

Players

Kelazhur - Winner!

  • Race: Terran Terran
  • Spawn Location: 1:00

SortOf

  • Race: Zerg Zerg
  • Spawn Location: 7:00

Event: WCS Austin 2017

VOD

Have the link to the VOD?

Description

Time

  • Played on: April 28, 2017, 5:45 p.m.
  • Length: 15:40

All games in this series

Show
View Real Time Build Order
Export as new Build Order

Kelazhur Terran - Winner!

Build Orders: Bio Mine 

Get SALT Encoding   

  12  0:00  SCV  
  13  0:12  SCV  
  14  0:18  Supply Depot  
  14  0:24  SCV  
  15  0:39  SCV  
  15  0:40  Barracks  
  16  0:43  Refinery  
  16  0:51  SCV  
  17  0:59  Barracks  
  17  1:03  SCV  
  18  1:15  SCV  
  19  1:20  Barracks  
  19  1:27  Reaper  
  20  1:36  Orbital Command  
  20  1:42  Refinery  
  20  1:47  Reaper  
  21  1:54  Supply Depot  
  21  2:03  Reaper, SCV  
  23  2:16  Reaper, SCV  
  25  2:24  Supply Depot  
  25  2:25  Reaper  
  26  2:32  SCV  
  28  2:46  SCV  
  28  2:55  Command Center  
  28  2:56  Barracks Tech Lab  
  28  3:00  SCV  
  28  3:04  Barracks Reactor x2  
  29  3:13  Engineering Bay  
  29  3:15  SCV  
  30  3:21  Marine, Stimpack  
  31  3:28  SCV  
  32  3:39  Marine  
  32  3:41  Terran Infantry Weapons Level 1  
  33  3:46  Marine x4  
  33  3:47  SCV  
  38  3:55  Factory  
  38  3:59  SCV  
  39  4:06  Marine  
  39  4:08  Orbital Command  
  40  4:10  Marine x2  
  40  4:12  Marine  
  40  4:15  SCV  
  44  4:20  Marine  
  45  4:26  Marine  
  45  4:28  SCV  
  46  4:31  Marine x2  
  46  4:32  Marine  
  46  4:34  SCV  
  50  4:39  Supply Depot  
  50  4:40  Marine  
  50  4:41  SCV  
  52  4:46  Starport  
  52  4:48  Factory Reactor  
  52  4:51  Marine  
  52  4:52  Marine  
  54  4:56  Marine  
  54  5:00  Marine  
  54  5:02  Marine  
  54  5:03  SCV x2  
  55  5:07  Supply Depot  
  55  5:09  Marine  
  55  5:11  Marine  
  55  5:14  Marine  
  57  5:15  SCV x2  
  57  5:18  Supply Depot  
  57  5:19  Marine x2  
  62  5:22  Combat Shields  
  62  5:29  SCV x2  
  62  5:31  Medivac x2  
  62  5:34  Supply Depot  
  68  5:37  Terran Infantry Armor Level 1  
  68  5:38  Marine  
  68  5:40  Marine  
  68  5:42  Marine  
  71  5:44  SCV  
  71  5:45  SCV  
  71  5:47  Marine  
  71  5:48  Marine  
  75  5:56  Supply Depot  
  75  5:59  Marine x2  
  75  6:01  Medivac x2  
  81  6:04  SCV x2  
  81  6:09  Supply Depot  
  83  6:14  Marine x3  
  83  6:18  Marine  
  87  6:24  Command Center  
  87  6:28  Marine  
  87  6:32  Marine  
  89  6:34  SCV  
  89  6:36  Marine  
  89  6:37  Marine  
  91  6:40  SCV  
  91  6:46  Engineering Bay, SCV, Armory  
  93  6:51  Marine x3  
  93  6:52  SCV  
  97  6:57  Marine x2  
  97  6:58  SCV  
  100  7:03  Supply Depot  
  100  7:04  Supply Depot, Refinery, SCV  
  100  7:05  Refinery  
  101  7:14  Marine  
  102  7:22  Barracks, Marine  
  102  7:23  Barracks  
  102  7:24  Marine  
  102  7:29  Marine x2  
  100  7:30  SCV  
  100  7:32  Marine  
  100  7:36  Terran Infantry Weapons Level 2, Terran Infantry Armor Level 2  
  101  7:40  SCV  
  101  7:42  SCV  
  101  7:43  Marine x2  
  105  7:46  Medivac  
  105  7:47  Factory Reactor  
  107  7:53  SCV  
  107  7:54  Marine x2, SCV  
  111  8:00  Medivac  
  111  8:02  Marine  
  111  8:05  Orbital Command  
  109  8:14  Marauder, Marine x4  
  97  8:28  Marine  
  97  8:30  SCV x2  
  97  8:31  SCV  
  97  8:32  Marine x3  
  97  8:33  Missile Turret  
  105  8:35  Barracks Reactor x2  
  105  8:36  Marauder  
  105  8:37  Missile Turret  
  105  8:45  SCV x2  
  105  8:46  Marine  
  108  8:48  Widow Mine  
  108  8:49  Medivac x2, Marine  
  108  8:50  Widow Mine  
  108  8:53  Unknown  
  108  8:54  SCV  
  116  8:57  SCV  
  116  8:58  Marine  
  116  9:00  Marine  
  116  9:01  Marine  
  120  9:07  Marine x2  
  121  9:11  SCV  
  121  9:13  Supply Depot x2  
  121  9:16  Marine  
  123  9:18  Marine  
  123  9:22  Marauder, Marine x4  
  126  9:25  Marine x2  
  126  9:28  Supply Depot  
  128  9:33  Marine  
  128  9:35  Marine  
  128  9:36  Supply Depot  
  115  9:38  Supply Depot  
  115  9:39  Marine  
  115  9:40  Widow Mine x2, Marine  
  115  9:42  Medivac  
  115  9:43  Factory  
  115  9:44  Marauder  
  115  9:45  Medivac  
  126  9:57  Marine  
  126  9:58  Marine  
  128  10:03  Marine  
  128  10:05  Marauder  
  120  10:08  Marine  
  120  10:09  Marine x4  
  120  10:10  Widow Mine x2  
  129  10:15  Marine  
  129  10:16  Terran Infantry Weapons Level 3  
  130  10:22  Terran Infantry Armor Level 3  
  130  10:24  Unknown  
  130  10:25  Marine  
  130  10:26  Unknown, Marauder  
  132  10:31  Marine x3  
  132  10:32  Marine x4  
  135  10:38  Widow Mine  
  135  10:40  Widow Mine  
  135  10:42  Missile Turret, Marine  
  141  10:47  Marine  
  143  10:56  Marine  
  142  10:59  Supply Depot, Marine x3  
  142  11:00  Marine x4  
  148  11:06  Marauder  
  148  11:07  Medivac  
  148  11:08  Medivac  
  148  11:10  Factory Tech Lab, Factory Reactor  
  152  11:14  Marine  
  152  11:17  Marine x2  
  155  11:20  Command Center  
  155  11:27  Marauder  
  155  11:31  Marine  
  150  11:42  Marine  
  150  11:43  Marine x6  
  150  11:45  Thor, Drilling Claws  
  161  11:48  Marauder  
  161  11:52  Marine  
  164  11:57  Terran Vehicle Weapons Level 1  
  164  12:00  Widow Mine x2, Marine  
  169  12:02  Medivac  
  171  12:09  Unknown x2  
  171  12:10  Marauder  
  168  12:18  Marine x7  
  168  12:19  Marine  
  175  12:28  Medivac  
  177  12:31  Marauder  
  177  12:32  Medivac  
  177  12:36  Marine x4  
  185  12:38  Marine x4  
  189  12:47  Barracks  
  189  12:48  Barracks  
  183  12:52  Marauder  
  183  12:54  Marine x2  
  183  13:07  Missile Turret  
  179  13:13  Marine x4  
  179  13:14  Missile Turret, Marine x4  
  179  13:18  Widow Mine x2  
  182  13:23  Missile Turret  
  181  13:28  Marauder, Missile Turret  
  181  13:30  Missile Turret  
  181  13:32  Planetary Fortress  
  181  13:33  Marine  
  183  13:36  Marine x4  
  183  13:37  Marine x2  
  183  13:38  Marine  
  183  13:39  Marine  
  191  13:41  Widow Mine  
  191  13:46  Marine  
  187  13:49  Marauder  
  187  13:50  Marine  
  187  13:52  Widow Mine x2  
  189  14:07  Marine x9  
  189  14:08  Marine  
  189  14:10  Marauder  
  189  14:13  Medivac  
  189  14:24  Widow Mine x2  
  189  14:25  Marine  
  189  14:30  Missile Turret  
  194  14:33  Marauder  
  196  14:39  Missile Turret  
  196  14:46  Marine x3  
  196  14:49  Marine x2  
  196  14:51  Marine x2  
  147  15:00  Marine x4  
  147  15:03  Marine x3  
  147  15:04  Widow Mine x2  
  146  15:07  Marine x2  
  146  15:09  Marine x2  
  150  15:18  Marine x3  
  150  15:19  Marauder  
  155  15:21  Marine x3  
  155  15:24  Command Center  
Show
View Real Time Build Order
Export as new Build Order

SortOf Zerg 

Build Orders: Hatch First, Muta Ling Bane 

Get SALT Encoding   

  12  0:00  Drone  
  13  0:12  Overlord  
  13  0:16  Drone  
  14  0:31  Drone x2  
  16  0:36  Drone  
  17  0:52  Hatchery  
  17  0:55  Drone  
  17  0:59  Drone  
  18  1:12  Spawning Pool  
  18  1:15  Drone  
  18  1:18  Drone  
  19  1:38  Hatchery  
  18  1:46  Drone  
  19  2:00  Zergling x2  
  22  2:05  Zergling x2, Spine Crawler  
  22  2:08  Queen  
  20  2:09  Zergling x2  
  20  2:12  Drone  
  20  2:13  Drone  
  25  2:22  Queen  
  27  2:27  Spore Crawler  
  26  2:34  Spine Crawler  
  26  2:35  Drone x2  
  27  2:39  Drone  
  27  2:49  Queen  
  29  2:51  Drone  
  29  2:54  Drone  
  29  2:56  Drone  
  31  3:01  Overlord  
  31  3:08  Drone x2  
  33  3:17  Overlord  
  33  3:21  Drone x3  
  33  3:22  Drone  
  37  3:28  Drone x2  
  37  3:30  Drone  
  37  3:33  Overlord  
  40  3:36  Drone  
  40  3:37  Drone  
  40  3:40  Drone  
  40  3:41  Drone  
  44  3:43  Drone  
  44  3:46  Extractor  
  44  3:47  Extractor  
  43  3:50  Drone x2  
  43  3:55  Queen  
  47  3:56  Drone  
  47  3:58  Drone  
  47  4:01  Drone x2  
  51  4:03  Overlord  
  51  4:08  Drone x3  
  55  4:10  Drone  
  55  4:17  Overlord  
  55  4:23  Drone x2  
  57  4:24  Queen  
  57  4:25  Extractor  
  57  4:26  Overlord  
  57  4:28  Drone  
  57  4:31  Overlord  
  59  4:32  Drone x3  
  59  4:37  Metabolic Boost  
  62  4:43  Drone x2  
  62  4:45  Drone x2  
  66  4:46  Drone x2  
  66  4:47  Drone  
  69  4:53  Baneling Nest  
  69  4:56  Evolution Chamber x2  
  63  5:02  Drone x6  
  67  5:10  Lair  
  67  5:13  Drone x2  
  69  5:14  Drone  
  69  5:15  Drone x2  
  69  5:16  Drone x2  
  69  5:18  Extractor  
  69  5:19  Extractor  
  69  5:20  Zergling x4  
  74  5:29  Zerg Ground Armor Level 1  
  74  5:30  Drone x4  
  74  5:32  Drone  
  74  5:33  Extractor  
  74  5:35  Overlord  
  78  5:37  Baneling x2  
  78  5:38  Zergling x2, Baneling  
  78  5:39  Zergling x2  
  80  5:44  Drone  
  80  5:45  Overlord x2  
  80  5:46  Overlord  
  81  5:50  Zerg Melee Weapons Level 1  
  81  5:53  Baneling  
  81  5:59  Overlord  
  81  6:00  Zergling x14  
  88  6:08  Overlord, Baneling x2  
  88  6:10  Hatchery  
  87  6:15  Drone  
  87  6:16  Zergling x2  
  87  6:17  Zergling x12  
  95  6:19  Centrifical Hooks  
  95  6:27  Drone, Spire  
  95  6:28  Drone, Spore Crawler  
  95  6:31  Zergling x4  
  97  6:35  Overseer  
  97  6:36  Overlord  
  97  6:44  Zergling x2  
  97  6:45  Zergling x14  
  105  6:58  Drone  
  105  6:59  Drone, Hatchery  
  105  7:01  Pneumatized Carapace  
  106  7:02  Zergling x2  
  106  7:03  Zergling x10  
  106  7:08  Zergling x6  
  115  7:13  Baneling x2  
  115  7:14  Baneling x3  
  111  7:15  Baneling x2  
  111  7:16  Baneling  
  111  7:19  Zergling x16  
  119  7:29  Queen  
  114  7:39  Mutalisk x2, Zerg Flyer Weapons Level 1  
  114  7:40  Mutalisk  
  114  7:41  Overlord x2, Overseer  
  120  7:45  Overlord  
  120  7:46  Overlord, Baneling x2  
  120  7:49  Hatchery  
  119  8:01  Overlord  
  119  8:02  Mutalisk x5  
  113  8:20  Mutalisk x6  
  113  8:22  Zergling x2  
  113  8:23  Zergling x14  
  113  8:24  Zergling x2  
  132  8:33  Zergling x8  
  136  8:37  Zerg Ground Armor Level 2  
  136  8:44  Zerg Melee Weapons Level 2  
  136  8:47  Zergling x4  
  136  8:48  Zergling x8  
  142  8:58  Zergling x8  
  142  8:59  Baneling x8  
  142  9:00  Baneling x3  
  146  9:09  Zergling x18  
  155  9:15  Overlord  
  153  9:25  Drone x4  
  153  9:30  Zergling x2  
  158  9:33  Hatchery  
  158  9:35  Zergling x2  
  158  9:36  Zergling x12  
  153  9:42  Baneling  
  153  9:43  Baneling x4  
  153  9:45  Zerg Flyer Weapons Level 2  
  153  9:47  Baneling x6  
  153  9:48  Mutalisk x2  
  153  9:52  Baneling  
  157  9:57  Zergling x14  
  160  10:03  Drone, Zergling x2  
  160  10:04  Zergling x4  
  151  10:08  Mutalisk x3  
  151  10:11  Baneling x6  
  157  10:19  Zergling x10  
  157  10:20  Zergling x6  
  165  10:34  Zergling x16  
  173  10:48  Overlord  
  173  10:52  Overlord x2  
  173  11:05  Overlord x2  
  173  11:06  Overlord  
  173  11:11  Baneling x12  
  172  11:16  Zergling x14  
  172  11:17  Zergling x12  
  184  11:23  Baneling  
  180  11:27  Drone x4  
  180  11:29  Zergling x2  
  180  11:30  Zergling x8  
  180  11:33  Overlord  
  180  11:39  Zergling x24  
  182  11:45  Baneling x4  
  182  11:51  Mutalisk x9, Extractor  
  182  11:52  Infestation Pit  
  199  12:01  Drone  
  199  12:04  Baneling  
  199  12:05  Baneling x6  
  191  12:16  Mutalisk  
  191  12:17  Mutalisk  
  193  12:23  Drone x3, Extractor  
  193  12:26  Zergling x8  
  199  12:32  Overlord  
  199  12:35  Overlord  
  199  12:37  Overlord  
  199  12:38  Hive  
  199  12:40  Overlord  
  199  12:49  Overlord  
  196  13:19  Mutalisk x4  
  194  13:21  Overlord  
  171  13:34  Zergling x24  
  171  13:35  Zergling x36  
  199  13:41  Zergling x4  
  199  13:46  Baneling x13  
  196  13:50  Mutalisk x2  
  196  13:51  Mutalisk x2  
  196  13:53  Zergling x4  
  196  13:54  Overlord  
  181  14:21  Ultralisk Cavern  
  178  14:24  Spine Crawler  
  178  14:25  Zergling x2  
  178  14:26  Zergling x44  
  200  14:32  Baneling x2  
  200  14:40  Overseer  
  193  14:53  Zergling x2  
  134  15:02  Zergling x2  
  134  15:03  Zergling x50  
  129  15:07  Baneling  
  129  15:08  Baneling x9  
  129  15:12  Zergling x2  
  129  15:13  Zergling x4  
  144  15:16  Extractor  
  144  15:17  Extractor  
  139  15:21  Zergling x2  
  139  15:22  Zergling x6, Overseer  
  147  15:31  Hatchery  
Tags
 
Add a new tag
Caveats
  • Supply blocks, unpowered buildings, or Contaminate may cause inaccurate times.
  • Supply counts are checked every 10 seconds.